 Dungeon Crawl Stone Soup version 0.31.0-11-ge490571c62 (webtiles) character file.

Game seed: 14952832324284676307

93 qw the Shooter (level 4, -8/22 HPs)
             Began as a Spriggan Hunter on Feb 3, 2024.
             Was an Initiate of Okawaru.
             Killed by divine providence
             ... invoked by an orc priest
              (16 damage)
             ... on level 3 of the Dungeon.
             The game lasted 00:00:06 (1419 turns).

qw the Shooter (Spriggan Hunter)                    Turns: 1419, Time: 00:00:06

Health: -8/22      AC:  2    Str:  7    XL:     4   Next: 36%
Magic:  5/5        EV: 18    Int: 10    God:    Okawaru [......]
Gold:   118        SH:  0    Dex: 26    Spells: 3/3 levels left

rFire   + . .        a - +0 shortbow
rCold   . . .        (shield currently unavailable)
rNeg    . . .        c - +0 robe
rPois   .            (helmet restricted)
rElec   .            (no cloak)
rCorr   .            (gloves unavailable)
SInv    +            (boots unavailable)
Will    .....        (no amulet)
Stlth   ++           e - ring of protection from fire
HPRegen 0.23/turn    g - +6 ring of dexterity
MPRegen 0.09/turn

%: no passive effects
@: constricted, very quick
A: very small, no large weapons, unfitting armour, see invisible, speed 3
a: Renounce Religion


You were on level 3 of the Dungeon.
You worshipped Okawaru.
Okawaru was noncommittal.
You visited 1 branch of the dungeon, and saw 3 of its levels.

You collected 118 gold pieces.


Innate Abilities, Weirdness & Mutations

You are very small and have problems with some larger weapons.
You are too small for most types of armour.
You have supernaturally acute eyesight. (SInv)
You cover ground extremely quickly. (Speed+++)


   Skills:
 - Level 1.5 Fighting
 - Level 5.1 Ranged Weapons
 + Level 4.6 Dodging
 - Level 1.5 Stealth


You had 3 spell levels left.
You didn't know any spells.
Your spell library was empty.

Inventory:

Hand Weapons
 a - a +0 shortbow (weapon)
Armour
 c - a +0 robe (worn)
Jewellery
 e - a ring of protection from fire (left hand)
 g - a +6 ring of dexterity (right hand)
Potions
 f - a potion of cancellation
 h - a potion of curing

Dungeon Overview and Level Annotations

Branches:
Dungeon (3/15)

Altars:
Okawaru


Message History

The orc shouts!
You hear a shout!
You hear an angry hiss.
You shoot an arrow. The frilled lizard hisses angrily.
The arrow hits the orc but does no damage.
You hear a shout!
An orc priest comes into view. It is wielding a +0 club.
You shoot an arrow. The arrow barely misses the orc priest.
The orc priest calls down the wrath of Beogh upon you.
Beogh smites you!
You shoot an arrow.
The arrow hits the orc but does no damage.
A kobold comes into view. It is wielding a +0 short sword.
You shoot an arrow. The arrow hits the orc!
You kill the orc!
Okawaru accepts your kill.
You shoot an arrow.
The arrow hits the orc priest but does no damage.
The orc priest hits you with a +0 club.
You shoot an arrow.
The arrow hits the orc priest but does no damage.
The orc priest closely misses you.
A ball python comes into view.
You shoot an arrow. The arrow hits the orc priest.
The orc priest is moderately wounded.
The frilled lizard bites you. The orc priest completely misses you.
You shoot an arrow. The arrow hits the orc priest!
The orc priest is almost dead.
The frilled lizard misses you. The orc priest misses you.
The ball python closely misses you. The ball python completely misses you.
You shoot an arrow.
The arrow closely misses the orc priest.
The frilled lizard completely misses you.
The orc priest closely misses you.
The ball python bites you but does no damage.
The ball python grabs you. The ball python constricts you.
The orc priest invokes the aid of Beogh against you.
Beogh smites you!
Ouch! That really hurt!
You die...

###### ####### #....#
#.....# #....#
####.....###### .
#....###.....)....)..<..
.....##.......###......
..................# .#
.....#.........##K#).###
#..............##l......
#....#..........@o#
###.##.........#S##
#.##...........#
#.##............
#.%..........#.#.
##...........#.##.
####.............. ##
...................
...#.#.......#


You could see an orc priest, a ball python, a kobold and a frilled lizard.

Vanquished Creatures
  3 gnolls (D:2)
  A ribbon worm (D:3)
  2 dart slugs
  3 orcs (D:3)
  4 bats
  4 endoplasms
  A giant cockroach (D:1)
  5 goblins
  7 hobgoblins
  2 jackals (D:2)
  4 kobolds
  7 ball pythons
  4 frilled lizards (D:1)
  6 rats
53 creatures vanquished.

Notes
Turn   | Place    | Note
-------+----------+-------------------------------------------
     0 | D:1      | qw the Spriggan Hunter began the quest for the Orb.
     0 | D:1      | Reached XP level 1. HP: 10/10 MP: 2/2
     0 | D:1      | 0 ||| qw: Version: 0.3-a-155-g5e7d8dd
     0 | D:1      | 0 ||| qw: Game counter: 3080
     0 | D:1      | 0 ||| qw: Melee chars always use a shield: true
     0 | D:1      | 0 ||| qw: God list: Okawaru
     0 | D:1      | 0 ||| qw: Allow faded altars: false
     0 | D:1      | 0 ||| qw: Do Orc after clearing Dungeon:15 true
     0 | D:1      | 0 ||| qw: Do second Lair branch before Depths: true
     0 | D:1      | 0 ||| qw: Lair rune preference: random
     0 | D:1      | 0 ||| qw: Goals: Normal
     0 | D:1      | 0 ||| PLANNING D:1-11
    29 | D:1      | Reached skill level 3 in Dodging
    52 | D:1      | Reached XP level 2. HP: 14/14 MP: 3/3
   532 | D:1      | 532 ||| UPGRADING to ring of protection from fire.
   533 | D:1      | 533 ||| READING 2 scrolls labelled FAMNUM XAZEUN.
   533 | D:1      | 533 ||| IDENTIFYING bubbling grey potion
   534 | D:1      | 534 ||| DROPPING scroll of butterflies.
   573 | D:2      | Reached XP level 3. HP: 18/18 MP: 4/4
   586 | D:2      | Found an iron altar of Okawaru.
   587 | D:2      | 587 ||| PLANNING OKAWARU WORSHIP
   600 | D:2      | Became a worshipper of Warmaster Okawaru
   601 | D:2      | 601 ||| PLANNING D:1-11
  1044 | D:2      | Reached skill level 5 in Ranged Weapons
  1044 | D:2      | Reached XP level 4. HP: 22/22 MP: 5/5
  1259 | D:2      | 1259 ||| UPGRADING to +6 ring of dexterity.
  1260 | D:2      | 1260 ||| READING 2 scrolls of identify.
  1260 | D:2      | 1260 ||| IDENTIFYING fizzy ruby potion
  1261 | D:2      | 1261 ||| READING scroll of identify.
  1261 | D:2      | 1261 ||| IDENTIFYING glowing amethyst potion
  1262 | D:2      | 1262 ||| READING scroll labelled ZES MOIMOKH.
  1266 | D:2      | 1266 ||| READING scroll labelled PYUXZO OSHRAG.
  1267 | D:2      | 1267 ||| DROPPING potion of invisibility.
  1419 | D:3      | Killed from afar by an orc priest

Levels and vault maps discovered:
D:1:      minmay_arrival_diagonal_passages, layout_basic, st_stairs_1
D:2:      layout_loops_ring, basic_altar
D:3:      layout_rooms, minmay_box_of_dots

Skill      XL: |  1  2  3 |
---------------+----------+-----
Dodging        | 3 4 |  4.6
Ranged Weapons | 5 |  5.1
Fighting       | |  1.5
Stealth        | |  1.5

Action                     |  1- 3 |  4- 6 || total
---------------------------+-------+-------++-------
   Fire: Shortbow          |    98 |    45 ||   143
    Use: Scroll            |     1 |     4 ||     5
 Armour: Robe              |     6 |     8 ||    14
  Dodge: Dodged            |    22 |    27 ||    49

Table legend:
 A = Non-vault XP
 B = Vault XP
 C = Vault XP percentage of total XP
 D = Non-vault monster count
 E = Vault monster count
 F = Vault count percentage of total count
                 A         B        C        D         E       F
            +---------+---------+-------+---------+---------+-------
      Total |     130 |       3 |   2.3 |      51 |       2 |   3.8
            +---------+---------+-------+---------+---------+-------
        D:1 |      35 |       3 |   7.9 |      21 |       2 |   8.7
        D:2 |      76 |       0 |   0.0 |      23 |       0 |   0.0
        D:3 |      19 |       0 |   0.0 |       7 |       0 |   0.0
            +---------+---------+-------+---------+---------+-------
